 Dungeon Crawl Stone Soup version 0.28-a0-265-g048bc9fd10 (webtiles) character file.

Game seed: 4853742078199257655

4389 graki42 the Thaumaturge (level 10, -2/63 HPs)
             Began as a Mummy Fire Elementalist on Aug 27, 2021.
             Was a Follower of Vehumet.
             Slain by a cyclops (23 damage)
             ... on level 7 of the Dungeon.
             The game lasted 00:32:14 (10955 turns).

graki42 the Thaumaturge (Mummy Fire Elementalist)  Turns: 10955, Time: 00:32:15

Health: -2/63      AC:  4    Str: 11    XL:     10   Next: 13%
Magic:  6/24       EV: 12    Int: 19    God:    Vehumet [*.....]
Gold:   317        SH:  0    Dex: 12    Spells: 13/29 levels left

rFire   . . .      SeeInvis .   i - +1 spear (venom)
rCold   . . .      Faith    .   (no shield)
rNeg    + + +      Spirit   .   a - +0 robe
rPois   ∞          Reflect  .   u - +0 helmet
rElec   .          Harm     .   h - +0 cloak
rCorr   .          Rampage  .   (no gloves)
Will    +....                   (no boots)
Stlth   ++........              (no amulet)
HPRegen 0.20/turn               g - ring of fire
MPRegen 0.19/turn               (no ring)

@: no status effects
A: cold resistance 1, negative energy resistance 3, torment resistance 2, heat
vulnerability 1, no potions
a: Renounce Religion


You were on level 7 of the Dungeon.
You worshipped Vehumet.
Vehumet was aware of your devotion.
You visited 2 branches of the dungeon, and saw 8 of its levels.

You collected 353 gold pieces.
You spent 36 gold pieces at shops.

Inventory:

Hand Weapons
 i - a +1 spear of venom (weapon)
Missiles
 c - a throwing net
Armour
 a - a +0 robe (worn)
 b - a +0 kite shield
 h - a +0 cloak (worn)
 u - a +0 helmet (worn)
 v - a +0 troll leather armour
 y - a +0 buckler
Magical Staves
 t - a staff of death
Jewellery
 g - a ring of fire (left hand)
 n - an amulet of magic regeneration
Wands
 o - a wand of polymorph (9)
 p - a wand of flame (23)
 w - a wand of paralysis (10)
 z - a wand of digging (7)
Scrolls
 d - 4 scrolls of enchant weapon
 e - a scroll of enchant armour
 f - 3 scrolls of amnesia
 j - 2 scrolls of identify
 k - 4 scrolls of teleportation
 l - a scroll of vulnerability {unknown}
 m - a scroll of fog
 q - a scroll of summoning
 r - a scroll of silence
 s - a scroll of immolation
 x - a scroll of blinking {unknown}


   Skills:
 - Level 2.0 Dodging
 - Level 2.0 Stealth
 + Level 1.6 Shields
 + Level 10.3 Spellcasting
 + Level 7.0 Conjurations
 + Level 7.4 Fire Magic


You had 13 spell levels left.
You knew the following spells:

 Your Spells              Type           Power      Damage    Failure   Level
a - Foxfire               Conj/Fire      100%       2x1d9     1%          1
b - Conjure Flame         Conj/Fire      54%        6-21      1%          3
c - Inner Flame           Hex/Fire       35%        N/A       4%          3
d - Sticky Flame          Conj/Fire      54%        2d7       3%          4
e - Fireball              Conj/Fire      27%        3d12      10%         5

Your spell library contained the following spells:

 Spells                   Type           Power      Damage    Failure   Level
 Freeze                   Ice            36%        1d6       8%          1
 Dazzling Flash           Conj/Hex       46%        N/A       4%          3
 Agony                    Necr           9%         N/A       90%         5
 Silence                  Hex/Air        4%         N/A       90%         5


Dungeon Overview and Level Annotations

Branches:
Dungeon (7/15)             Temple (1/1) D:7

Altars:
Ashenzari
Cheibriados
Dithmenos
Elyvilon
Fedhas
Gozag
Hepliaklqana
Kikubaaqudgha
Makhleb
Nemelex Xobeh
Okawaru
Qazlal
Ru
Sif Muna
Trog
Uskayaw
Vehumet
Wu Jian
Xom
Yredelemnul
Zin
The Shining One

Shops:
D:4 :*

Annotations:
D:4 3 runed translucent doors, Haricot's ghost, amateur GrFi; MoonlitKnight's ghost, amateur MfGl; inmateoo's ghost, amateur MiGl; ma3's ghost, amateur BaAM
D:5 1 runed translucent door, graki42's ghost, novice DjFE
D:6 3 runed translucent doors, ma3's ghost, novice BaAM


Innate Abilities, Weirdness & Mutations

You are immune to poison.
Your flesh is cold resistant. (rC+)
You are immune to negative energy. (rN+++)
You are immune to unholy pain and torment.
You are vulnerable to heat. (rF-)
You do not drink.


Message History

Casting: Fireball (quite dangerous; 10% risk of failure)
Confirm with . or Enter, or press ? or * to list all spells.
The spell is quite dangerous to cast (10% risk of failure)!
Continue anyway?
Aiming: Fireball (quite dangerous; 10% risk of failure)
Press: ? - help, Shift-Dir - straight line, f - cyclops
Aim: a cyclops, quivering large rocks You feel a surge of power!
The fireball explodes!
The fireball engulfs the cyclops!
The cyclops is moderately wounded.
You hear an angry hiss.
Casting: Fireball (quite dangerous; 10% risk of failure)
Confirm with . or Enter, or press ? or * to list all spells.
The spell is quite dangerous to cast (10% risk of failure)!
Continue anyway?
Aiming: Fireball (quite dangerous; 10% risk of failure)
Press: ? - help, Shift-Dir - straight line, f/p - cyclops
Aim: a cyclops, quivering large rocks (moderately wounded)
You feel a surge of power!
The fireball explodes!
The fireball engulfs the cyclops!
The cyclops is heavily wounded.
Unknown command.
Casting: Fireball (quite dangerous; 10% risk of failure)
Confirm with . or Enter, or press ? or * to list all spells.
The spell is quite dangerous to cast (10% risk of failure)!
Continue anyway?
Aiming: Fireball (quite dangerous; 10% risk of failure)
Press: ? - help, Shift-Dir - straight line, f/p - cyclops
Aim: a cyclops, quivering large rocks (heavily wounded)
You feel a surge of power!
The fireball explodes!
The fireball engulfs the cyclops.
The cyclops is heavily wounded.
Unknown command.
Casting: Fireball (quite dangerous; 10% risk of failure)
Confirm with . or Enter, or press ? or * to list all spells.
Aiming: Sticky Flame (dangerous; 3% risk of failure)
Press: ? - help, Shift-Dir - straight line, f/p - cyclops
Aim: a cyclops, quivering large rocks (heavily wounded, 100% to hit)
You feel a surge of power!
The sticky flame hits the cyclops!
The cyclops is severely wounded.
The cyclops is covered in liquid flames!
The cyclops burns!
The cyclops hits you!!
You die...

#.####.#.#)#.##.#.##...####..#
#.######(#.#.##.#..###...##.####
#.##.)####.#.##.##.#...##.#.....
##.####).####..#..#...####.#..###
...##..##..####.#.#.####..##.##
.#.####..##..###..####..#.##.#
.#.##(.##..##.(#####.)###.##.##
.#.####..##..##C##..###.#.##..#
.#.##..##..#####@.###.....##..#
...####.u####..###).###[#.##..###
##.##).####.##.)####..###.##.....
#.#.####..#.#)#.#####..#.##.####
#.#.##....###.##.######..##.# ##
#.##...C......##'##########.###(
#.####....###.##....#######.....
#.# ####.D#.#.##....'....##..###
#.# ..####.##.##....#######..#


You could see a cyclops (burning).

Vanquished Creatures
  A cyclops (D:7)
  A gargoyle (D:7)
  A troll (D:7)
  Eustachio (D:6)
  2 steam dragons (D:7)
  A water moccasin (D:7)
  2 ice beasts (D:7)
  A sky beast (D:7)
  2 black bears
  An orc warrior (D:5)
  A necrophage (D:6)
  3 centaurs
  2 ogres
  A phantom (D:4)
  2 kobold brigands (D:7)
  3 bullfrogs (D:7)
  3 scorpions
  6 wights (D:7)
  A centaur zombie (D:7)
  3 orc priests (D:4)
  3 bullfrog skeletons
  Crazy Yiuf (D:2)
  3 bullfrog zombies
  A gnoll shaman (D:4)
  3 hounds
  A jelly (D:7)
  2 centaur skeletons
  Terence (D:2)
  3 iguanas
  Natasha (thrice) (D:2)
  4 orc wizards
  A scorpion zombie (D:5)
  A killer bee zombie (D:7)
  5 adders
  7 gnolls
  A shadow imp (D:6)
  3 white imps
  An ufetubus (D:4)
  2 dart slugs
  15 orcs
  7 endoplasms
  5 giant cockroaches
  3 goblins
  15 hobgoblins
  7 kobolds
  2 quokkas
  6 ball pythons
  9 bats
  5 frilled lizards
  8 rats
166 creatures vanquished.

Vanquished Creatures (collateral kills)
  A kobold brigand (D:7)
  2 foxfires (D:3)
3 creatures vanquished.

Vanquished Creatures (others)
  450 foxfires
  2 fungi (D:2)
  8 plants
  2 withered plants (D:4)
462 creatures vanquished.

Grand Total: 631 creatures vanquished

Notes
Turn   | Place    | Note
-------+----------+-------------------------------------------
     0 | D:1      | graki42 the Mummy Fire Elementalist began the quest for the
                  | Orb.
     0 | D:1      | Reached XP level 1. HP: 13/13 MP: 4/4
   234 | D:1      | Reached XP level 2. HP: 19/19 MP: 2/5
   307 | D:1      | Reached skill level 1 in Conjurations
   829 | D:1      | Reached skill level 3 in Spellcasting
   907 | D:1      | Reached XP level 3. HP: 24/24 MP: 3/7
   911 | D:1      | Learned a level 3 spell: Conjure Flame
   921 | D:1      | Learned a level 3 spell: Inner Flame
  1455 | D:2      | Noticed Terence
  1469 | D:2      | Killed Terence
  1848 | D:2      | Reached XP level 4. HP: 30/30 MP: 4/9
  1919 | D:2      | Noticed Natasha
  1926 | D:2      | Killed Natasha
  2020 | D:2      | Noticed Natasha
  2026 | D:2      | Killed Natasha
  2027 | D:2      | Reached skill level 4 in Spellcasting
  2225 | D:2      | Found a faded altar of an unknown god.
  2518 | D:2      | Noticed Natasha
  2529 | D:2      | Killed Natasha
  2530 | D:2      | Reached XP level 5. HP: 33/35 MP: 6/11
  2798 | D:2      | Found a runed translucent door.
  2799 | D:2      | Noticed Crazy Yiuf
  2808 | D:2      | Learned a level 4 spell: Sticky Flame
  2814 | D:2      | Killed Crazy Yiuf
  4068 | D:4      | Reached XP level 6. HP: 41/41 MP: 9/13
  4165 | D:4      | Reached skill level 5 in Spellcasting
  4355 | D:4      | Found a runed translucent gate.
  4355 | D:4      | Found a runed translucent gate.
  4355 | D:4      | Found a runed translucent gate.
  4488 | D:4      | Found Diexupn's General Store.
  4493 | D:4      | Bought a scroll of teleportation for 36 gold pieces
  4957 | D:4      | Noticed inmateoo's ghost (amateur MiGl)
  4957 | D:4      | Noticed Haricot's ghost (amateur GrFi)
  4957 | D:4      | Noticed MoonlitKnight's ghost (amateur MfGl)
  4957 | D:4      | Noticed ma3's ghost (amateur BaAM)
  5002 | D:4      | Reached XP level 7. HP: 46/46 MP: 9/15
  5174 | D:4      | Found Ugooduts's Self-Improvement Boutique.
  5204 | D:4      | Reached skill level 6 in Spellcasting
  5531 | D:5      | Entered Level 5 of the Dungeon
  6003 | D:5      | Reached XP level 8. HP: 52/52 MP: 15/18
  6047 | D:5      | Reached skill level 5 in Fire Magic
  6245 | D:5      | Reached skill level 7 in Spellcasting
  6354 | D:5      | Found a runed translucent door.
  6359 | D:5      | Noticed graki42's ghost (novice DjFE)
  6717 | D:6      | Found a runed translucent gate.
  6717 | D:6      | Found a runed translucent gate.
  6717 | D:6      | Found a runed translucent gate.
  6718 | D:6      | Noticed ma3's ghost (novice BaAM)
  7010 | D:6      | Found a shimmering blue altar of Sif Muna.
  7406 | D:6      | Noticed Eustachio
  7429 | D:6      | Killed Eustachio
  7430 | D:6      | Reached skill level 5 in Conjurations
  7817 | D:7      | Reached skill level 8 in Spellcasting
  7999 | D:7      | Found a staircase to the Ecumenical Temple.
  8014 | Temple   | Entered the Ecumenical Temple
  8154 | Temple   | Became a worshipper of Vehumet
  8161 | Temple   | Learned a level 5 spell: Fireball
  8439 | D:7      | Reached XP level 9. HP: 54/57 MP: 11/21
  8771 | D:7      | Reached skill level 9 in Spellcasting
  9225 | D:7      | Noticed a troll
  9225 | D:7      | Noticed a gargoyle
  9249 | D:7      | Killed a gargoyle
  9309 | D:7      | Killed a troll
  9401 | D:7      | Found a runed translucent door.
  9402 | D:7      | Found a runed translucent door.
  9404 | D:7      | Found a runed translucent door.
  9765 | D:7      | Reached * piety under Vehumet
  9765 | D:7      | Offered knowledge of Freeze by Vehumet.
  9766 | D:7      | Reached skill level 10 in Spellcasting
  9964 | D:7      | Reached skill level 1 in Shields
 10077 | D:7      | Reached XP level 10. HP: 29/63 MP: 15/24
 10369 | D:7      | Found the +6 Majin-Bo {vamp, MP+6 Int+6}
 10373 | D:7      | Noticed a cyclops
 10373 | D:7      | Noticed an eight-headed hydra
 10373 | D:7      | Noticed a cyclops
 10373 | D:7      | Noticed a white ugly thing
 10810 | D:7      | Killed a cyclops
 10955 | D:7      | Slain by a cyclops

Illustrated notes

Levels and vault maps discovered:
D:1:      sevenhm_arrival_forest_fort_small_6, layout_loops_corners,
          serial_forest, infiniplex_forest_lined_corner,
          infiniplex_forest_clump_medium, infiniplex_forest_clump_C,
          infiniplex_forest_zigzag_2
D:2:      layout_basic, shapermc_ecumenical_altar_gd, uniq_terence,
          uniq_crazy_yiuf_cottage, uniq_natasha
D:3:      minmay_chambers_of_twos, layout_basic, minmay_hedge_maze
D:4:      layout_gridville, serial_shops, shop, gammafunk_ghost_cemetery,
          serial_park_tiny_1, nicolae_shop_self_help
D:5:      layout_basic, ebering_ghost_sewer_d
D:6:      layout_gridville, tgw_sif, gammafunk_ghost_split, uniq_eustachio
D:7:      minmay_the_grid_triangle_9x9_rhombus_full
          [minmay_the_grid_triangle_9x9_skeleton,
          minmay_the_grid_triangle_9x9_stretched_checkered,
          minmay_the_grid_triangle_9x9_minimal,
          minmay_the_grid_triangle_9x9_corrupted_corridor,
          minmay_the_grid_triangle_9x9_windchime,
          minmay_the_grid_triangle_9x9_fully_insulated_deathbox,
          minmay_the_grid_triangle_9x9_warning,
          minmay_the_grid_triangle_9x9_prize_top_heavy], layout_loops_ring,
          minmay_temple_entry_enclosed_plants, serial_bayou,
          serial_bayou_crossing, serial_bayou_pond_d, serial_bayou_pond_d,
          grunt_ministairs_9
Temple:   grunt_wide_crystal_templ

Skill      XL: |  1  2  3  4  5  6  7  8  9 10 |
---------------+-------------------------------+-----
Conjurations   | 1 2 3 4 5 6 7 |  7.0
Stealth        | 2 |  2.0
Dodging        | 2 |  2.0
Spellcasting   | 3 4 5 6 8 10 | 10.3
Fire Magic     | 3 4 6 7 |  7.4
Shields        | 1 |  1.6

Action                   |  1- 3 |  4- 6 |  7- 9 | 10-12 || total
-------------------------+-------+-------+-------+-------++-------
Melee: Unarmed           |    17 |       |       |       ||    17
       Dagger            |    16 |    70 |       |       ||    86
       Spear             |       |     8 |    27 |     3 ||    38
 Cast: Foxfire           |    57 |   100 |   121 |     5 ||   283
       Sticky Flame      |       |     1 |    30 |     4 ||    35
       Conjure Flame     |       |     2 |     9 |     1 ||    12
       Inner Flame       |       |     1 |     2 |       ||     3
       Fireball          |       |       |       |     6 ||     6
  Use: Scroll            |       |     1 |     9 |     1 ||    11
 Stab: Sleeping          |       |     1 |     1 |       ||     2
Armor: Robe              |    10 |     5 |    23 |     2 ||    40
Dodge: Dodged            |    27 |    29 |    80 |     9 ||   145

Table legend: (Time is in decaauts)
 A = Elapsed time spent in this place.
 B = Non-inter-level travel time spent in this place.
 C = Inter-level travel time spent in this place.
 D = Time resting spent in this place.
 E = Time spent auto-exploring this place.
 F = Levels seen in this place.
 G = Mean time per level.
                   A        B        C        D        E       F      G
               +--------+--------+--------+--------+--------+-----+--------+
         Total |  10967 |  10724 |    243 |   1357 |   7832 |   8 | 1370.9 |
       Dungeon |  10811 |  10577 |    234 |   1357 |   7732 |   7 | 1544.4 |
        Temple |    155 |    146 |      9 |      0 |    100 |   1 |  155.0 |
               +--------+--------+--------+--------+--------+-----+--------+

Top non-repeatable levels by time:
     D:7: 3096 daAuts
     D:2: 1569 daAuts
     D:4: 1467 daAuts
     D:1: 1453 daAuts
     D:5: 1111 daAuts
     D:6: 1073 daAuts
     D:3: 1039 daAuts
  Temple: 155 daAuts
